 Dungeon Crawl Stone Soup version 0.29.1-2-gbd0b4ee654 (webtiles) character file.

Game seed: 17121125973029699632

332 boopmooplesden the Slasher (level 6, -3/53 HPs)
             Began as a Minotaur Fighter on Nov 11, 2022.
             Was an Initiate of Trog.
             Slain by fingers's ghost (8 damage)
             ... on level 3 of the Dungeon.
             The game lasted 00:04:02 (4061 turns).

boopmooplesden the Slasher (Minotaur Fighter)       Turns: 4061, Time: 00:04:03

Health: -3/53      AC: 11    Str: 20    XL:     6   Next: 26%
Magic:  5/5        EV:  7    Int:  5    God:    Trog [......]
Gold:   111        SH:  5    Dex: 12    Spells: 5/5 levels left

rFire   . . .      SeeInvis .   a - +0 long sword
rCold   . . .      Faith    .   c - +0 buckler
rNeg    . . .      Spirit   .   n - +0 chain mail
rPois   .          Reflect  .   (helmet restricted)
rElec   .          Harm     .   d - +0 cloak {rCorr}
rCorr   +          Rampage  .   (no gloves)
Will    .....                   (no boots)
Stlth   ..........              (no amulet)
HPRegen 0.17/turn               (no ring)
MPRegen 0.09/turn               (no ring)

@: hasted, very quick
A: horns 2, retaliatory headbutt
a: Renounce Religion


You were on level 3 of the Dungeon.
You worshipped Trog.
Trog was noncommittal.
You visited 1 branch of the dungeon, and saw 3 of its levels.

You collected 111 gold pieces.

Inventory:

Hand Weapons
 a - a +0 long sword (weapon)
 f - a +2 whip of venom
 h - a +0 quarterstaff
 l - a +1 hammer of protection
 m - a +4 quarterstaff of chaos
Armour
 c - a +0 buckler (worn)
 d - a +0 cloak of preservation (worn)
 n - a +0 chain mail (worn)
Jewellery
 e - a ring of resist corrosion
Scrolls
 g - a scroll of acquirement
 k - 3 scrolls of identify


   Skills:
 + Level 4.6 Fighting
 + Level 5.6 Long Blades
 + Level 5.4 Armour
 + Level 1.0 Dodging
 + Level 0.2 Stealth
 + Level 4.2 Shields


You had 5 spell levels left.
You didn't know any spells.
Your spell library was empty.

Dungeon Overview and Level Annotations

Branches:
Dungeon (3/15)

Altars:
Qazlal
Trog

Shops:
D:2 (

Annotations:
D:3 fingers's ghost, amateur TrFi


Innate Abilities, Weirdness & Mutations

You have a pair of horns on your head.
You reflexively headbutt those who attack you in melee.


Message History

You closely miss fingers's ghost.
Fingers's ghost is lightly damaged.
Fingers's ghost barely misses you.
You hit fingers's ghost. Your headbutt misses fingers's ghost.
Fingers's ghost is moderately damaged.
Fingers's ghost hits you. Fingers's ghost hits you!
You barely miss fingers's ghost.
Fingers's ghost is moderately damaged.
Fingers's ghost hits you!
You hit fingers's ghost but do no damage.
You headbutt fingers's ghost, but do no damage.
Fingers's ghost is moderately damaged.
Fingers's ghost closely misses you. You furiously retaliate!
You headbutt fingers's ghost. You hit fingers's ghost.
You headbutt fingers's ghost, but do no damage.
Fingers's ghost is moderately damaged.
Fingers's ghost hits you!
This is a scroll of acquirement!
Something appears at your feet!
Fingers's ghost hits you but does no damage.
Fingers's ghost attacks as you move away!
Fingers's ghost hits you but does no damage.
You see here a +0 robe.
Fingers's ghost attacks as you move away!
Fingers's ghost hits you.
* * * LOW HITPOINT WARNING * * *
It was a potion of magic.
Magic courses through your body. You block fingers's ghost's attack.
Fingers's ghost attacks as you move away!
Fingers's ghost barely misses you. The orc attacks as you move away!
The orc hits you but does no damage.
Fingers's ghost attacks as you move away!
Fingers's ghost hits you.
* * * LOW HITPOINT WARNING * * *
Fingers's ghost attacks as you move away!
Fingers's ghost hits you!
* * * LOW HITPOINT WARNING * * *
It was a potion of haste.
You feel yourself speed up. Fingers's ghost hits you!
You die...

##.......#.....#.#...#####.......
##..#<...#.#####.############....
.........#.# #...................
#.#......#.######.##'##..####....
#.#......#.....#[.#...#......#.##
..#......#...).#..#...#..###.#.#
........^#.....#.##...##.# #.#.#
###.#....#.....#.#######.# #.#.#
.......###.....#@# #.#.# #.#.#
##.#######..[..#W# #.#.# #.#.#
#####8.........o.#####.#.# #.#.#
....#......#####.........###.#.#
##..#..#.### #...........#.#.#
8#.o#..#.# #........##.#†#.#
##..#..#=# #.............#.##
o.#.#..#)# #........##.#.....
..#.o....# #........##.#.#.##


You could see fingers's ghost and an orc.

Vanquished Creatures
  A black bear (D:3)
  An orc priest (D:3)
  Crazy Yiuf (D:2)
  2 orc wizards (D:3)
  A gnoll (D:1)
  3 adders
  2 worms (D:2)
  5 dart slugs
  8 orcs (D:3)
  9 ball pythons
  4 bats
  6 endoplasms
  5 goblins
  6 hobgoblins
  4 jackals (D:2)
  4 kobolds
  6 quokkas
  5 frilled lizards
  5 rats
78 creatures vanquished.

Vanquished Creatures (others)
  A fungus (D:2)
1 creature vanquished.

Grand Total: 79 creatures vanquished

Notes
Turn   | Place    | Note
-------+----------+-------------------------------------------
     0 | D:1      | boopmooplesden the Minotaur Fighter began the quest for the
                  | Orb.
     0 | D:1      | Reached XP level 1. HP: 19/19 MP: 0/0
   331 | D:1      | Reached XP level 2. HP: 26/26 MP: 1/1
   562 | D:1      | Found a faded altar of an unknown god.
   820 | D:1      | Reached XP level 3. HP: 24/33 MP: 2/2
  1964 | D:2      | Found a runed translucent door.
  1965 | D:2      | Noticed Crazy Yiuf
  2007 | D:2      | Reached XP level 4. HP: 39/40 MP: 3/3
  2030 | D:2      | Found a stormy altar of Qazlal.
  2043 | D:2      | Found Okamionu's Antique Weapon Emporium.
  2086 | D:2      | Killed Crazy Yiuf
  2400 | D:3      | Noticed a black bear
  2406 | D:3      | Killed a black bear
  2407 | D:3      | Reached skill level 5 in Armour
  2407 | D:3      | Reached XP level 5. HP: 47/47 MP: 4/4
  2621 | D:3      | Reached skill level 5 in Long Blades
  2870 | D:3      | Reached XP level 6. HP: 32/53 MP: 5/5
  3314 | D:3      | Found a runed translucent gate.
  3314 | D:3      | Found a runed translucent gate.
  3314 | D:3      | Found a runed translucent gate.
  3314 | D:3      | Noticed fingers's ghost (amateur TrFi)
  3322 | D:3      | Identified the +3 spear "Ezes" {spect, Will+}
  3580 | D:3      | Found a bloodstained altar of Trog.
  3780 | D:3      | Became a worshipper of Trog the Wrathful
  4028 | D:3      | Reached skill level 1 in Dodging
  4048 | D:3      | Identified 2 scrolls of acquirement
  4048 | D:3      | Acquired the ring of Deinaef {Ice rPois Slay+3}
  4061 | D:3      | Slain by fingers's ghost

Illustrated notes

Levels and vault maps discovered:
D:1:      minmay_arrival_split_and_join, layout_loops_ring,
          ebering_ecumenical_altar_petrified, minmay_misc_feat_secret_circle
D:2:      layout_basic, serial_shops, shop, basic_altar, uniq_crazy_yiuf_cottage
D:3:      layout_basic, trog_book, biasface_ghost_orc_armoury,
          eino_tiny_chamber, grunt_ministairs_8

Skill      XL: |  1  2  3  4  5  6 |
---------------+-------------------+-----
Armour         | 4 5 |  5.4
Long Blades    | 3 4 5 |  5.6
Fighting       | 4 |  4.6
Shields        | 4 |  4.2
Dodging        | 1 |  1.0
Stealth        | |  0.2

Action                   |  1- 3 |  4- 6 || total
-------------------------+-------+-------++-------
Melee: Long sword        |   107 |   101 ||   208
       Headbutt          |    21 |    21 ||    42
  Use: Scroll            |     4 |     1 ||     5
       Potion            |     1 |     3 ||     4
Armor: Scale mail        |    44 |    13 ||    57
       Chain mail        |       |    46 ||    46
Dodge: Dodged            |    42 |    30 ||    72
Block: Buckler           |    29 |    24 ||    53
